Map: Jagannatha LE

Players

Zergalerg

  • Race: Zerg Zerg
  • League: Silver

Throwfordays - Winner!

  • Race: Terran Terran
  • League: Gold

VOD

Have the link to the VOD?

Description

Time

  • Played on: Aug. 27, 2021, 9:07 p.m.
  • Length: 8:26
Show
View Real Time Build Order
Export as new Build Order

Zergalerg Zerg 

Build Orders: Pool First 

Get SALT Encoding   

  12  0:02  Drone  
  13  0:11  Drone  
  14  0:17  Overlord  
  14  0:36  Spawning Pool  
  14  0:38  Drone  
  14  0:42  Drone  
  15  0:46  Drone  
  16  0:50  Drone  
  17  1:00  Drone  
  17  1:04  Extractor  
  17  1:06  Extractor  
  16  1:11  Drone  
  17  1:21  Drone  
  18  1:27  Hatchery  
  17  1:43  Drone  
  17  1:44  Queen  
  20  1:48  Zergling x2  
  21  1:55  Zergling x2  
  22  2:05  Metabolic Boost  
  22  2:13  Overlord  
  22  2:24  Lair  
  22  2:41  Drone  
  22  3:03  Zergling x2  
  22  3:04  Zergling x14  
  25  3:23  Zergling x2  
  25  3:25  Drone x2  
  28  3:34  Zergling x2  
  28  3:35  Zergling x2  
  30  3:47  Zergling x4  
  30  4:25  Baneling Nest, Drone  
  30  4:26  Drone x5  
  30  4:28  Overlord x3  
  35  4:49  Hydralisk Den  
  35  4:52  Spire  
  32  4:54  Drone  
  32  4:55  Drone x2  
  35  5:15  Baneling x3  
  35  5:16  Baneling x8  
  35  5:25  Drone x3  
  33  6:03  Zergling x2  
  33  6:04  Zergling x10  
  28  6:12  Spine Crawler  
  28  6:14  Spine Crawler x2  
  28  6:15  Spine Crawler  
  18  6:18  Spine Crawler  
  12  6:28  Zergling x6  
  14  6:36  Zergling x2  
  6  7:06  Zergling x4  
  8  7:19  Drone  
  9  7:39  Drone  
  9  7:40  Drone  
  11  7:47  Drone  
  12  7:58  Drone  
  13  8:04  Drone  
Show
View Real Time Build Order
Export as new Build Order

Throwfordays Terran - Winner!

Build Orders:  

Get SALT Encoding   

  12  0:00  SCV  
  13  0:15  Supply Depot  
  13  0:18  SCV  
  14  0:25  Refinery  
  14  0:30  SCV  
  15  0:42  Barracks  
  15  0:47  SCV  
  16  0:59  Supply Depot  
  16  1:00  SCV  
  17  1:12  SCV  
  18  1:24  SCV  
  19  1:25  Barracks  
  19  1:32  Reaper  
  20  1:36  SCV  
  21  1:45  Barracks  
  21  1:50  SCV  
  22  2:02  SCV  
  22  2:04  Reaper  
  22  2:05  Refinery  
  24  2:12  Reaper  
  25  2:17  Supply Depot  
  25  2:49  Reaper  
  25  2:50  Reaper x2  
  28  3:21  Reaper  
  28  3:22  Reaper x2  
  28  3:25  Engineering Bay  
  29  3:51  Bunker  
  29  4:14  SCV  
  30  4:20  Marine x2  
  30  4:21  Marine  
  33  4:26  SCV  
  34  5:16  Barracks Reactor x2  
  34  5:20  Terran Infantry Weapons Level 1  
  34  5:23  Barracks Reactor  
  28  6:11  Marine  
  28  6:12  Marine x2  
  31  6:20  Supply Depot  
  31  6:25  Marine  
  31  6:27  Marine  
  31  6:31  Marine  
  31  6:35  Marine  
  31  6:41  Marine x2  
  31  6:43  Marine  
  31  6:45  Marine  
  35  6:49  Marine  
  35  6:59  Marine x2  
  37  7:11  Marine x2  
  37  7:12  Marine x2  
  37  7:15  Orbital Command  
  39  7:22  Supply Depot, Command Center  
  39  7:39  Supply Depot  
  39  7:44  Marine x6  
  45  7:45  Supply Depot, SCV  
  46  7:57  SCV  
  47  8:01  Marine x4  
  51  8:09  SCV  
Tags
 
Matchup
TvZ
Opening
Pool First
Replay Pack
Multiplayer
Add a new tag
Caveats
  • Supply blocks, unpowered buildings, or Contaminate may cause inaccurate times.
  • Supply counts are checked every 10 seconds.